 Dungeon Crawl Stone Soup version 0.30-a0-924-g0ad0bf95bc (webtiles) character file.

Game seed: 13047642640861329933

2 cforsyth the Sneak (level 1, 3/10 HPs)
             Began as a Tengu Enchanter on Mar 23, 2023.
             Quit the game on level 1 of the Dungeon.
             The game lasted 00:00:06 (23 turns).

cforsyth the Sneak (Tengu Enchanter)                  Turns: 23, Time: 00:00:07

Health: 3/10       AC:  2    Str:  8    XL:     1   Next: 30%
Magic:  4/4        EV:  9    Int: 15    God:
Gold:   0          SH:  0    Dex: 14    Spells: 4/4 levels left

rFire   . . .      SeeInvis .    a - +1 dagger
rCold   . . .      Faith    .    (no shield)
rNeg    . . .      Spirit   .    b - +0 robe
rPois   .          Reflect  .    (helmet restricted)
rElec   .          Rampage  .    (no cloak)
rCorr   .                        (no gloves)
Will    .....                    (boots unavailable)
Stlth   ++                       (no amulet)
HPRegen 0.21/turn                (no ring)
MPRegen 0.09/turn                (no ring)

@: constricted
A: beak, talons 3
a: no special abilities


You were on level 1 of the Dungeon.
You visited 1 branch of the dungeon, and saw 1 of its levels.

Inventory:

Hand Weapons
 a - a +1 dagger (weapon)
Armour
 b - a +0 robe (worn)
Scrolls
 d - a scroll of torment {unknown}
Potions
 c - 2 potions of invisibility


   Skills:
 + Level 1.1 Short Blades
 + Level 2.2 Dodging
 + Level 3.0 Stealth
 + Level 2.0 Spellcasting
 + Level 2.2 Hexes


You had 4 spell levels left.
You didn't know any spells.
Your spell library contained the following spells:

 Spells                   Type           Power      Damage    Failure   Level
 Ensorcelled Hibernation  Hex/Ice        8%         N/A       22%         2
 Confusing Touch          Hex            8%         N/A       26%         3
 Tukima's Dance           Hex            8%         N/A       26%         3
 Dazzling Flash           Conj/Hex       8%         N/A       38%         3


Dungeon Overview and Level Annotations

Branches:
Dungeon (1/15)

Altars:


Innate Abilities, Weirdness & Mutations

You have a beak for a mouth.
You have claws for feet.


Message History

There is an open door here.
d - a scroll labelled ITANWA RYTIETT A goblin comes into view.
It is wielding a +0 dagger.
Found 7 gold pieces.
The goblin shouts!
You hear an angry hiss.
A goblin comes into view. It is wielding a +0 dagger.
A quokka comes into view.
A frilled lizard comes into view.
The goblin shouts!
You hit the goblin. Your kick misses the goblin.
The goblin is moderately wounded.
You hear an angry hiss.
You barely miss the goblin. You peck the goblin.
You kill the goblin!
A ball python comes into view.
The ball python hisses angrily.
Things that are here:
a +0 dagger; a goblin corpse You miss the quokka.
The quokka misses you.
You hit the frilled lizard.
You kill the frilled lizard!
The goblin barely misses you. The quokka completely misses you.
You hit the quokka but do no damage. Your kick misses the quokka.
The goblin hits you but does no damage. The quokka barely misses you.
You closely miss the quokka. Your kick misses the quokka. The quokka bites you.
The goblin barely misses you.
You closely miss the ball python. The quokka bites you.
The goblin hits you with a +0 dagger. The ball python barely misses you.
The ball python grabs you. The ball python constricts you.
* * * LOW HITPOINT WARNING * * *
The quokka bites you but does no damage.
You are too injured to fight recklessly!
You are too injured to fight recklessly!
You are too injured to fight recklessly!
You are too injured to fight recklessly!
You are too injured to fight recklessly!
Assign waypoint to what number? (0-9)
Okay, then.
Unknown command.
Unknown command.
Are you sure you want to abandon this character and quit the game? (Confirm with "yes".)

#.#.# ## #.#.# . ###.#.#
.# #.......###.##
#.##..#.#....#
####.##..#.#....#
...#.##..#.#S...##.
#######.........@r......
#.....#.#.#...###g......
#.....#.#.#...# ##.$...
+..<..'.......# ....
#.....#.......# ...
#.....#.......# ..
#######.......# .
#.#.#...# #.#.#...#


You could see a quokka, a goblin and a ball python.

Vanquished Creatures
  A goblin (D:1)
  A frilled lizard (D:1)
2 creatures vanquished.

Notes
Turn   | Place    | Note
-------+----------+-------------------------------------------
     0 | D:1      | cforsyth the Tengu Enchanter began the quest for the Orb.
     0 | D:1      | Reached XP level 1. HP: 10/10 MP: 4/4
    23 | D:1      | Quit the game

Illustrated notes

Levels and vault maps discovered:
D:1:      minmay_arrival_checkered_box, layout_basic

Action                     || total
---------------------------++-------
  Melee: Dagger            ||     7
         Peck              ||     1
 Armour: Robe              ||     2
  Dodge: Dodged            ||     6

Table legend: (Time is in decaauts)
 A = Elapsed time spent in this place.
 B = Non-inter-level travel time spent in this place.
 C = Inter-level travel time spent in this place.
 D = Time resting spent in this place.
 E = Time spent auto-exploring this place.
 F = Levels seen in this place.
 G = Mean time per level.
                   A        B        C        D        E       F      G
               +--------+--------+--------+--------+--------+-----+--------+
         Total |     22 |     22 |      0 |      0 |     10 |   1 |   22.0 |
       Dungeon |     22 |     22 |      0 |      0 |     10 |   1 |   22.0 |
               +--------+--------+--------+--------+--------+-----+--------+

Top non-repeatable levels by time:
     D:1: 22 daAuts
